Map: Orbital Shipyard

Players

FigHteR

  • Race: Terran Terran
  • League: Platinum

AngelofDeath

  • Race: Terran Terran

Blodge

  • Race: Terran Terran
  • League: Platinum

Ouroboros

  • Race: Terran Terran

VOD

Have the link to the VOD?

Description

Time

  • Played on: Nov. 15, 2015, 1:57 a.m.
  • Length: 4:06
Show
View Real Time Build Order
Export as new Build Order

FigHteR Terran 

Build Orders:  

Get SALT Encoding   

  12  0:01  SCV  
  14  0:18  Supply Depot  
  13  0:23  Refinery  
  13  0:42  Barracks  
  13  0:47  Barracks  
  13  0:54  SCV  
  14  1:06  SCV  
  15  1:18  SCV  
  16  1:29  Reaper  
  16  1:30  Orbital Command  
  17  1:34  Reaper  
  18  1:43  Supply Depot  
  18  1:50  Refinery  
  18  1:56  SCV  
  19  2:01  Reaper  
  19  2:08  SCV  
  21  2:14  Reaper  
  22  2:20  SCV  
  23  2:32  SCV  
  24  2:37  Reaper  
  25  2:44  SCV  
  25  2:46  Command Center  
  25  2:48  Reaper  
  27  2:56  SCV  
  28  3:10  Marine  
  30  3:16  Supply Depot  
  29  3:20  Reaper  
  29  3:24  Command Center  
  30  3:28  SCV  
  31  3:40  SCV  
  33  3:45  Barracks  
  33  3:52  SCV  
  35  3:56  Barracks Tech Lab  
  35  3:58  Barracks  
Show
View Real Time Build Order
Export as new Build Order

AngelofDeath Terran 

Build Orders:  

Get SALT Encoding   

  12  0:01  SCV  
  13  0:15  Supply Depot  
  13  0:18  SCV  
  14  0:26  Refinery  
  14  0:30  SCV  
  15  0:46  SCV  
  15  0:47  Barracks  
  16  0:58  SCV  
  17  1:11  SCV  
  18  1:16  Supply Depot  
  18  1:35  Marine  
  19  1:51  Command Center  
  19  1:57  Marine  
  20  2:06  Factory  
  21  2:20  Reaper  
  21  2:22  Orbital Command  
  19  2:51  SCV  
  18  2:52  Reaper  
  18  2:57  Factory  
  16  3:03  SCV  
  16  3:06  Widow Mine  
  17  3:24  Reaper  
Show
View Real Time Build Order
Export as new Build Order

Blodge Terran 

Build Orders:  

Get SALT Encoding   

Show
View Real Time Build Order
Export as new Build Order

Ouroboros Terran 

Build Orders:  

Get SALT Encoding   

Tags
 
Add a new tag
Caveats
  • Supply blocks, unpowered buildings, or Contaminate may cause inaccurate times.
  • Supply counts are checked every 10 seconds.